 Dungeon Crawl Stone Soup version 0.32-a0-995-gb4a59205af (webtiles) character file.

Game seed: 3410730762571066684

81 Bediveer the Shooter (level 4, 0/31 HPs)
             Began as an Octopode Hunter on Apr 22, 2024.
             Slain by an orc
             ... wielding a +0 flail
              (10 damage)
             ... on level 3 of the Dungeon.
             The game lasted 00:04:08 (1753 turns).

Bediveer the Shooter (Octopode Hunter)              Turns: 1753, Time: 00:04:09

Health: 0/31       AC:  1    Str: 10    XL:     4   Next: 40%
Magic:  4/4        EV: 12    Int: 11    God:
Gold:   91         SH:  0    Dex: 17    Spells: 3/3 levels left

rFire   + . .        a - +0 shortbow (drain)
rCold   . . .        (shield currently unavailable)
rNeg    . . .        (helmet restricted)
rPois   .            (no amulet)
rElec   .            f - ring of protection from fire
rCorr   .            (no ring)
SInv    .            (no ring)
Will    .....        (no ring)
Stlth   +++          (no ring)
HPRegen 0.25/turn    (no ring)
MPRegen 0.09/turn    (no ring)
                     (no ring)

%: no passive effects
@: no status effects
A: almost no armour, amphibious, 8 rings, camouflage 1, gelatinous body 1,
(nimble swimmer 1), tentacles
a: no special abilities


You were on level 3 of the Dungeon.
You visited 1 branch of the dungeon, and saw 3 of its levels.

You collected 91 gold pieces.

Inventory:

Hand Weapons
 a - a +0 shortbow of draining (weapon)
Missiles
 g - a throwing net
Jewellery
 f - a ring of protection from fire (left tentacle)
Scrolls
 b - a scroll of butterflies
 c - a scroll of revelation
 i - a scroll of poison
 k - a scroll of identify
 l - a scroll of noise {unknown}
Potions
 d - a potion of lignification {unknown}
 e - a potion of curing
 h - 2 potions of ambrosia {unknown}
 j - a potion of brilliance {unknown}


   Skills:
 - Level 3.0 Fighting
 * Level 5.2 Ranged Weapons
 - Level 2.0 Dodging
 - Level 1.3 Stealth


You had 3 spell levels left.
You didn't know any spells.
Your spell library contained the following spells:

 Spells                   Type           Power      Damage    Failure   Level
 Shock                    Conj/Air       0%         1d3       34%         1
 Swiftness                Air            0%         N/A       71%         3
 Airstrike                Air            0%         2d(0-16)  98%         4


Dungeon Overview and Level Annotations

Branches:
Dungeon (3/15)

Altars:


Innate Abilities, Weirdness & Mutations

You cannot wear most types of armour.
You are amphibious.
You can wear up to eight rings at the same time.
Your skin changes colour to match your surroundings (Stealth+).
Your rubbery body absorbs attacks. (AC +1, EV +1)
((You are camouflaged when in or above water. (Stealth+)))
You have tentacles for arms and can constrict up to eight enemies at once.


Message History

You shoot an arrow. The orc shouts!
The arrow hits the orc wizard.
You drain the orc wizard.
You kill the orc wizard!
Training target 3.0 for Fighting reached!
Your Fighting skill increases to level 3!
Your Ranged Weapons skill increases to level 5!
You have reached level 4!
The orc attacks as it pursues you! The orc hits you with a +0 short sword.
* * * LOW HITPOINT WARNING * * *
The orc attacks as it pursues you! The orc closely misses you.
You see here a +0 ring mail.
You shoot an arrow. The arrow hits the orc.
The orc is heavily wounded.
The orc hits you with a +0 short sword.
* * * LOW HITPOINT WARNING * * *
You shoot an arrow. The arrow barely misses the orc.
The arrow hits the orc.
You kill the orc!
The orc hits you with a +0 short sword.
* * * LOW HITPOINT WARNING * * *
Okay, then.
It was a potion of curing.
You feel better. The orc barely misses you.
You shoot an arrow. The arrow hits the orc.
You kill the orc!
You shoot an arrow. The arrow closely misses the orc.
The arrow hits the orc but does no damage.
The orc hits you but does no damage.
You shoot an arrow. The arrow closely misses the orc.
The arrow hits the orc but does no damage.
You drain the orc.
The orc is heavily wounded.
The orc hits you with a +0 hand axe.
You shoot an arrow. The arrow hits the orc!
You kill the orc!
You shoot an arrow.
The arrow hits the orc but does no damage.
You drain the orc.
The orc is severely wounded.
The orc closely misses you. The orc hits you with a +0 flail!
You die...

.....#........##
#....#........#
#..o.###......####>.
#....# ###..........
#..o.# #..........
#..o)# #..........
#....# #..........
####....#####..........
..........)o@..........
####....#####..........
#....# #..........
#....# #.........
###### #########


You could see an orc (very drained).

Vanquished Creatures
  An orc wizard (D:3)
  A dart slug (D:2)
  A ribbon worm (D:2)
  3 orcs (D:3)
  3 bats
  4 endoplasms
  A giant cockroach (D:1)
  3 goblins
  5 hobgoblins
  7 jackals (D:2)
  A quokka (D:2)
  5 ball pythons
  3 frilled lizards
  3 kobolds
  4 rats
45 creatures vanquished.

Notes
Turn   | Place    | Note
-------+----------+-------------------------------------------
     0 | D:1      | Bediveer the Octopode Hunter began the quest for the Orb.
     0 | D:1      | Reached XP level 1. HP: 14/14 MP: 1/1
   387 | D:1      | Reached XP level 2. HP: 19/19 MP: 2/2
   431 | D:1      | Found a faded altar of an unknown god.
   965 | D:2      | Reached XP level 3. HP: 14/25 MP: 3/3
  1741 | D:3      | Reached skill level 5 in Ranged Weapons
  1741 | D:3      | Reached XP level 4. HP: 9/31 MP: 4/4
  1753 | D:3      | Slain by an orc

Illustrated notes

Levels and vault maps discovered:
D:1:      lightli_arrival_windingriver, layout_basic,
          dreamdust_ecumenical_altar_statues, corexii_hall_statues_i,
          st_stairs_8, serial_bayou_lagoon_b
D:2:      layout_loops_ring, serial_forest, infiniplex_forest_clump_curved,
          infiniplex_forest_zigzag_1, infiniplex_forest_clump_large,
          infiniplex_forest_straight_2, infiniplex_forest_join,
          infiniplex_forest_straight_1, infiniplex_forest_clump_curved
D:3:      layout_basic

Skill      XL: |  1  2  3 |
---------------+----------+-----
Fighting       | 3 |  3.0
Ranged Weapons | 5 |  5.2
Dodging        | |  2.0
Stealth        | |  1.3

Action                     |  1- 3 |  4- 6 || total
---------------------------+-------+-------++-------
   Fire: Shortbow          |   138 |     7 ||   145
    Use: Scroll            |     4 |       ||     4
         Potion            |       |     1 ||     1
 Armour: Skin              |    31 |     6 ||    37
  Dodge: Dodged            |    43 |     3 ||    46

Table legend: (Time is in decaauts)
 A = Elapsed time spent in this place.
 B = Non-inter-level travel time spent in this place.
 C = Inter-level travel time spent in this place.
 D = Time resting spent in this place.
 E = Time spent auto-exploring this place.
 F = Levels seen in this place.
 G = Mean time per level.
                   A        B        C        D        E       F      G
               +--------+--------+--------+--------+--------+-----+--------+
         Total |   1776 |   1728 |     48 |      0 |   1464 |   3 |  592.0 |
       Dungeon |   1776 |   1728 |     48 |      0 |   1464 |   3 |  592.0 |
               +--------+--------+--------+--------+--------+-----+--------+

Top non-repeatable levels by time:
     D:2: 884 daAuts
     D:1: 766 daAuts
     D:3: 124 daAuts
